 Dungeon Crawl Stone Soup version 0.21-a0-400-g417d9d2 (webtiles) character file.

2916 slep the Slasher (level 9, -6/74 HPs)
             Began as a Demonspawn Fighter on Oct 21, 2017.
             Was a Believer of Cheibriados.
             Mangled by a two-headed ogre
             ... wielding a +0 giant club
              (11 damage)
             ... on level 8 of the Dungeon.
             The game lasted 00:58:06 (6277 turns).

slep the Slasher (Demonspawn Fighter)               Turns: 6277, Time: 00:58:07

Health: -6/74      AC:  6    Str: 20    XL:     9   Next: 50%
Magic:  9/9        EV: 12    Int: 12    God:    Cheibriados [**....]
Gold:   200        SH: 11    Dex: 20    Spells: 8/8 levels left

rFire    + . .     SeeInvis .   o - staff of air
rCold    . . .     Gourm    .   c - +0 shield
rNeg     . . .     Faith    .   y - +0 leather armour
rPois    .         Spirit   .   (helmet restricted)
rElec    +         Reflect  .   r - +0 cloak
rCorr    .         Harm     .   (no gloves)
MR       +....     Clarity  +   (no boots)
Stlth    ++........             M - amulet of regeneration
HPRegen  0.62/turn              Q - ring of protection from magic
MPRegen  0.11/turn              S - ring of protection from fire

@: very slow
A: hooves 1, horns 1, iridescent scales 1, clarity, dopey 1, foul stench 1,
robust 1, spiny 2, rot immunity
a: Bend Time, Renounce Religion


You were on level 8 of the Dungeon.
You worshipped Cheibriados.
Cheibriados was pleased with you.
You were not hungry.

You visited 2 branches of the dungeon, and saw 9 of its levels.

You collected 440 gold pieces.
You spent 240 gold pieces at shops.

Inventory:

Hand Weapons
 a - a +0 long sword
 F - a -3 short sword
 K - a +0 dagger of draining
Missiles
 d - 6 tomahawks of returning
 L - 4 tomahawks (quivered)
Armour
 b - a +0 scale mail
 c - a +0 shield (worn)
 n - a +0 cloak
 r - a +0 cloak (worn)
 y - a +0 leather armour (worn)
 R - a +2 robe of cold resistance
Magical Staves
 o - an uncursed staff of air (weapon)
Jewellery
 h - a +2 ring of protection
 x - an uncursed ring of resist corrosion
 C - a +3 ring of strength
 I - an uncursed amulet of inaccuracy
 M - an amulet of regeneration (around neck)
 Q - a ring of protection from magic (left hand)
 S - a ring of protection from fire (right hand)
Wands
 z - a wand of polymorph (22/24)
 G - a wand of confusion (31/48)
Scrolls
 e - 5 scrolls of identify
 g - 2 scrolls of enchant armour {unknown}
 i - a scroll of recharging {unknown}
 l - 6 scrolls of remove curse
 m - 2 scrolls of enchant weapon {unknown}
 p - a scroll of immolation {unknown}
 t - 2 scrolls of random uselessness {unknown}
 u - 3 scrolls of fog {unknown}
 w - 3 scrolls of teleportation {unknown}
 A - a scroll of magic mapping {unknown}
 D - a scroll of amnesia {unknown}
 E - a scroll of fear {unknown}
 O - a scroll of noise {unknown}
Potions
 k - a potion of berserk rage
 q - 2 potions of curing
 v - 2 potions of haste
 B - a potion of flight
 H - a potion of magic
 J - 2 potions of degeneration
 P - 2 potions of lignification {unknown}
Comestibles
 f - 9 bread rations
 j - 4 royal jellies
 s - 5 meat rations
 N - 3 fruits
 T - a chunk of flesh


   Skills:
 + Level 5.6 Fighting
 + Level 7.3 Long Blades
 + Level 1.3 Staves
 + Level 1.6 Throwing
 + Level 5.0 Armour
 + Level 3.3 Dodging
 + Level 3.2 Stealth
 + Level 6.0 Shields


You had 8 spell levels left.
You didn't know any spells.

Dungeon Overview and Level Annotations

Branches:
Dungeon (8/15)             Temple (1/1) D:7
   Lair: D:8-11

Altars:
Ashenzari
Cheibriados
Dithmenos
Elyvilon
Fedhas
Gozag
Hepliaklqana
Kikubaaqudgha
Makhleb
Nemelex Xobeh
Okawaru
Qazlal
Ru
Sif Muna
Trog
Uskayaw
Vehumet
Wu Jian
Xom
Yredelemnul
Zin
The Shining One

Shops:
D:7 }}*


Innate Abilities, Weirdness & Mutations

You have a pair of small horns on your head.
You are partially covered in iridescent scales. (AC +2)
You may emit foul miasma when damaged in melee.
You are mostly covered in sharp spines.
You are immune to rotting.
You have large cloven feet.
You possess an exceptional clarity of mind.
You are dopey. (Int -2)
You are robust. (+10% HP)


Message History

The two-headed ogre is struck by your spines.
The two-headed ogre hits you with a giant club!!
The two-headed ogre hits you with a giant spiked club!
* * * LOW HITPOINT WARNING * * *
You completely miss the two-headed ogre.
You kick the two-headed ogre, but do no damage.
The two-headed ogre is severely wounded.
You block the orc's attack.
An orc wizard comes into view. It is wielding a dagger.
The orc wizard shouts!
You hit the two-headed ogre.
You kick the two-headed ogre, but do no damage.
The two-headed ogre is severely wounded.
The two-headed ogre is engulfed in dark miasma.
The two-headed ogre looks even sicker.
You block the two-headed ogre's attack.
The two-headed ogre hits you with a giant spiked club!
* * * LOW HITPOINT WARNING * * *
The two-headed ogre looks sick.
You block the orc's attack.
The two-headed ogre hits you with a giant club!
You die...

#....###.####.##
#.##.###.....<.#.#
##.##.......#####.##
.......#....#.. .. #
##.#........#.# .#.#
#.##..####.#.###...#
##..........#....###
.............รท....>#
######..#######.@#.#######
##.# #..Oo....... #.##
#.##.(...... #..#
#.##o.(..$.. ##.#
#.##...$.... #.##
#.##o....$.. #..#
#.##........ ##.## #.
#o....?.. #..# #........


You could see a two-headed ogre and 2 orcs.

Vanquished Creatures
  Psyche (D:8)
  A hornet (D:7)
  Sigmund (D:6)
  Duvessa (D:7)
  Purgy (D:3)
  An ice beast (D:6)
  A phantom (D:8)
  A sky beast (D:6)
  A black bear (D:6)
  An orc warrior (D:6)
  5 ogres
  Blork the orc (D:5)
  2 bullfrogs (D:6)
  Dowan (D:7)
  2 scorpions
  A howler monkey (D:8)
  A crimson imp (D:5)
  A centaur zombie (D:7)
  A jelly (D:2)
  A hound (D:7)
  4 orc wizards
  4 orc priests
  2 iguanas
  3 worker ants
  2 hound skeletons
  4 gnolls
  8 adders
  4 shadow imps
  3 oozes
  2 adder skeletons (D:4)
  A worm (D:3)
  3 dart slugs
  4 leopard geckos
  24 orcs
  A ball python (D:1)
  9 giant cockroaches
  8 goblins
  7 hobgoblins
  7 jackals
  6 kobolds
  3 quokkas
  13 bats
  5 frilled lizards
  A jackal zombie (D:5)
  2 quokka zombies
  4 rats
160 creatures vanquished.

Notes
Turn   | Place    | Note
-------+----------+-------------------------------------------
     0 | D:1      | slep the Demonspawn Fighter began the quest for the Orb.
     0 | D:1      | Reached XP level 1. HP: 18/18 MP: 1/1
    39 | D:1      | Gained mutation: You are partially covered in sharp spines. [demonic ancestry]
    39 | D:1      | Reached XP level 2. HP: 15/24 MP: 2/2
   162 | D:1      | Reached skill level 2 in Long Blades
   232 | D:1      | Reached XP level 3. HP: 29/29 MP: 3/3
   372 | D:1      | Gained mutation: You have a pair of small horns on your head. [potion of mutation]
   372 | D:1      | Lost mutation: You have a pair of small horns on your head. [potion of mutation]
   372 | D:1      | Gained mutation: Your muscles are strong. (Str +2) [potion of mutation]
   673 | D:2      | Reached skill level 3 in Long Blades
   673 | D:2      | Gained mutation: You have a pair of small horns on your head. [demonic ancestry]
   673 | D:2      | Reached XP level 4. HP: 23/35 MP: 4/4
  1353 | D:2      | Reached XP level 5. HP: 31/41 MP: 5/5
  1641 | D:3      | Noticed Purgy
  1651 | D:3      | Killed Purgy
  1651 | D:3      | Gained mutation: You are immune to rotting. [demonic ancestry]
  1651 | D:3      | Reached XP level 6. HP: 44/48 MP: 6/6
  1812 | D:3      | Found a hide-covered altar of Uskayaw.
  1814 | D:3      | Noticed a hand axe
  1816 | D:3      | Noticed a hand axe
  2250 | D:4      | Reached skill level 4 in Long Blades
  2313 | D:4      | Reached skill level 1 in Dodging
  2332 | D:4      | Gained mutation: You may emit foul miasma when damaged in melee. [demonic ancestry]
  2332 | D:4      | Reached XP level 7. HP: 52/54 MP: 7/7
  2369 | D:4      | Reached skill level 5 in Long Blades
  2385 | D:4      | Found a stormy altar of Qazlal.
  2586 | D:4      | Reached skill level 1 in Stealth
  2798 | D:5      | Entered Level 5 of the Dungeon
  2899 | D:5      | Found an opulent altar of Gozag.
  2907 | D:5      | Noticed Blork the orc
  2919 | D:5      | Killed Blork the orc
  3068 | D:5      | Found an ancient bone altar of Kikubaaqudgha.
  3276 | D:5      | Found a blossoming altar of Fedhas.
  3571 | D:5      | Found a white marble altar of Elyvilon.
  3572 | D:5      | Found a snail-covered altar of Cheibriados.
  3578 | D:5      | Found a hazy altar of Hepliaklqana.
  3644 | D:5      | Became a worshipper of Cheibriados the Contemplative
  3727 | D:6      | Noticed Sigmund
  3738 | D:6      | Killed Sigmund
  3738 | D:6      | Gained mutation: You are mostly covered in sharp spines. [demonic ancestry]
  3738 | D:6      | Reached XP level 8. HP: 28/61 MP: 8/8
  3745 | D:6      | Reached skill level 6 in Long Blades
  4170 | D:6      | Gained mutation: Your spells are a little harder to cast, but a little more powerful. [mutagenic meat]
  4171 | D:6      | Gained mutation: Your spells are harder to cast, but more powerful. [mutagenic meat]
  4172 | D:6      | Lost mutation: Your spells are harder to cast, but more powerful. [mutagenic meat]
  4173 | D:6      | Gained mutation: Scrolls take you a little longer to read. [mutagenic meat]
  4181 | D:6      | Reached skill level 5 in Shields
  4214 | D:6      | HP: 2/61 [orc priest/divine providence (16)]
  4507 | D:7      | Noticed Duvessa
  4507 | D:7      | Noticed Dowan
  4515 | D:7      | Killed Duvessa
  4515 | D:7      | Reached skill level 5 in Fighting
  4520 | D:7      | Killed Dowan
  4520 | D:7      | Reached * piety under Cheibriados
  4802 | D:7      | Found a staircase to the Ecumenical Temple.
  4808 | D:7      | Reached skill level 7 in Long Blades
  4826 | Temple   | Entered the Ecumenical Temple
  5107 | D:7      | Noticed a hornet
  5110 | D:7      | Paralysed by a hornet for 2 turns
  5112 | D:7      | Paralysed by a hornet for 3 turns
  5114 | D:7      | Killed a hornet
  5114 | D:7      | Gained mutation: You are partially covered in iridescent scales. (AC +2) [demonic ancestry]
  5114 | D:7      | Reached XP level 9. HP: 6/68 MP: 9/9
  5379 | D:7      | Found Zutal's Gadget Shoppe.
  5524 | D:7      | Found Poxaargh's General Store.
  5529 | D:7      | Bought 3 potions of mutation for 240 gold pieces
  5529 | D:7      | Lost mutation: Scrolls take you a little longer to read. [potion of mutation]
  5529 | D:7      | Lost mutation: Your muscles are strong. (Str +2) [potion of mutation]
  5529 | D:7      | Lost mutation: Your spells are a little harder to cast, but a little more powerful. [potion of mutation]
  5529 | D:7      | Gained mutation: Your flesh is heat resistant. (rF+) [potion of mutation]
  5530 | D:7      | Gained mutation: Your muscles are strong. (Str +2) [potion of mutation]
  5530 | D:7      | Gained mutation: Your muscles are very strong. (Str +4) [potion of mutation]
  5531 | D:7      | Lost mutation: Your flesh is heat resistant. (rF+) [potion of mutation]
  5531 | D:7      | Lost mutation: Your muscles are very strong. (Str +4) [potion of mutation]
  5531 | D:7      | Lost mutation: Your muscles are strong. (Str +2) [potion of mutation]
  5531 | D:7      | Gained mutation: You have large cloven feet. [potion of mutation]
  5531 | D:7      | Gained mutation: You are dopey. (Int -2) [potion of mutation]
  5531 | D:7      | Gained mutation: You are robust. (+10% HP) [potion of mutation]
  5531 | D:7      | Gained mutation: You possess an exceptional clarity of mind. [potion of mutation]
  5551 | D:7      | Found Yzooril's Gadget Shoppe.
  5928 | D:8      | Noticed Psyche
  5935 | D:8      | HP: 3/74 [Psyche/puff of frost (16)]
  5936 | D:8      | Killed Psyche
  5936 | D:8      | Reached skill level 1 in Throwing
  5944 | D:8      | Reached ** piety under Cheibriados
  5944 | D:8      | Reached skill level 1 in Staves
  5950 | D:8      | Reached skill level 5 in Armour
  6267 | D:8      | Noticed a two-headed ogre
  6277 | D:8      | Mangled by a two-headed ogre

Vault maps used:
D:1:      dpeg_arrival_boxes_within_box
D:2:      first_bread, st_stairs_9
D:3:      dancing_weapons_uskayaw, uniq_purgy
D:4:      grunt_qazlal_sundering
D:5:      kennysheep_mini_moat, nicolae_overflow_crystal_walls, minitemple,
          nicolae_gozag_cash_rules_everything_around_me, uniq_blork_the_orc
D:6:      minmay_tree_intersection, uniq_sigmund
D:7:      minmay_temple_entry_large_hall, serial_shops, shop_statue,
          nicolae_shop_trees, nicolae_shop_stone, grunt_ogre_cave,
          hangedman_decor_push, uniq_duvessa
D:8:      serial_shops, nicolae_shop_waterfront, roderic_serpentine_path,
          uniq_psyche
Temple:   nicolae_temple_elliptical

Skill      XL: |  1  2  3  4  5  6  7  8  9 |
---------------+----------------------------+-----
Armour         | 3 4 5 |  5.0
Shields        | 3 4 5 6 |  6.0
Long Blades    | 2 3 4 5 7 |  7.3
Dodging        | 1 2 3 |  3.3
Fighting       | 4 5 |  5.6
Stealth        | 1 2 3 |  3.2
Throwing       | 1 |  1.6
Staves         | 1 |  1.3

Action                   |  1- 3 |  4- 6 |  7- 9 || total
-------------------------+-------+-------+-------++-------
Melee: Long sword        |    74 |    98 |   148 ||   320
       Headbutt          |       |    19 |    63 ||    82
       Staff             |       |       |    63 ||    63
       Kick              |       |       |    14 ||    14
Throw: Tomahawk          |       |       |    21 ||    21
  Use: Potion            |     2 |     1 |     6 ||     9
       Scroll            |       |       |     5 ||     5
 Stab: Sleeping          |       |       |     3 ||     3
  Eat: Chunk             |       |     5 |    14 ||    19
Armor: Scale mail        |    33 |    51 |     9 ||    93
       Leather armour    |       |       |    29 ||    29
Dodge: Dodged            |    24 |    32 |    88 ||   144
Block: Shield            |    39 |    49 |   109 ||   197
       Rpst.: Long sword |     9 |    14 |    14 ||    37

Table legend:
 A = Spawn XP
 B = Non-spawn XP
 C = Spawn XP percentage of total XP
 D = Spawn monster count
 E = Non-spawn monster count
 F = Spawn count percentage of total count
 G = Total turns spent on level
                    A         B        C        D         E        F      G
               +---------+---------+-------+---------+---------+-------+---------
         Total |       0 |    4166 |   0.0 |       0 |     160 |   0.0 |  6277
               +---------+---------+-------+---------+---------+-------+---------
           D:1 |       0 |      75 |   0.0 |       0 |      29 |   0.0 |   625
           D:2 |       0 |     173 |   0.0 |       0 |      30 |   0.0 |   829
           D:3 |       0 |     202 |   0.0 |       0 |      16 |   0.0 |   681
           D:4 |       0 |     577 |   0.0 |       0 |      22 |   0.0 |   663
           D:5 |       0 |     310 |   0.0 |       0 |      14 |   0.0 |  1111
           D:6 |       0 |    1068 |   0.0 |       0 |      18 |   0.0 |   312
           D:7 |       0 |     897 |   0.0 |       0 |      20 |   0.0 |  1364
           D:8 |       0 |     864 |   0.0 |       0 |      11 |   0.0 |   516
               +---------+---------+-------+---------+---------+-------+---------
